 Dungeon Sprint DCSS version 0.17-b1-15-g0f5fb43 (webtiles) character file.

92 Kidiri the Sneak (level 4, 0/23 HPs)
             Began as a Spriggan Enchanter on Nov 2, 2015.
             Slain by a water elemental (12 damage)
             ... in the Dungeon (Sprint III: "The Ten Rune Challenge").
             The game lasted 00:03:59 (646 turns).

Kidiri the Sneak (Spriggan Enchanter)                Turns: 646, Time: 00:03:59

Health: 0/23       AC:  3    Str:  4    XL:     4   Next: 35%
Magic:  3/12       EV: 21    Int: 16    God:
Gold:   26         SH:  0    Dex: 17    Spells: 5 memorised, 1 level left

rFire  . . .     SeeInvis +     a - +1 dagger
rCold  . . .     Clarity  .     b - +1 robe
rNeg   . . .     SustAt   .     (shield restricted)
rPois  .         Gourm    .     (helmet restricted)
rElec  .         Spirit   .     (no cloak)
rCorr  .         Warding  .     (gloves unavailable)
rMut   .         NoTele   +     (boots unavailable)
MR     .....                    (no amulet)
Stlth  ++++......               (no ring)
                                (no ring)

@: very quick, not resistant to hostile enchantments, stealthy
A: unfitting armour, see invisible, herbivore 3, speed 3, slow metabolism 2
a: no special abilities


You were in the Dungeon.
You were not hungry.

You visited 1 branch You collected 26 gold pieces.

Inventory:

Hand Weapons
 a - a +1 dagger (weapon)
Armour
 b - a +1 robe (worn)
Scrolls
 j - a scroll of blinking
 l - a scroll of immolation {unknown}
 m - 2 scrolls of identify {unknown}
 n - 3 scrolls of remove curse
 r - a scroll of torment {unknown}
Potions
 f - 3 potions of heal wounds
 g - a potion of haste
 h - 2 potions of magic
 i - a potion of berserk rage
 k - a potion of degeneration {unknown}
 p - 2 potions of cure mutation
 q - 2 potions of flight
Comestibles
 d - a bread ration
 o - 2 royal jellies


   Skills:
 + Level 1.7 Fighting
 * Level 4.1 Short Blades
 + Level 1.2 Armour
 * Level 5.6 Dodging
 * Level 7.0 Stealth
 * Level 5.0 Spellcasting
 + Level 0.5 Conjurations
 + Level 4.8 Hexes
 + Level 1.1 Ice Magic


You had one spell level left.
You knew the following spells:

 Your Spells              Type           Power        Failure   Level  Hunger
a - Corona                Hex            ###....      1%          1    None
b - Ensorcelled Hibernat  Hex/Ice        ##....       10%         2    #......
c - Confuse               Hex            ###.....     8%          3    ###....
d - Tukima's Dance        Hex            ###.....     8%          3    ###....
e - Dazzling Spray        Conj/Hex       ##......     14%         3    ###....


Dungeon Overview and Level Annotations

Branches:
Dungeon (1/1)

Altars:


Innate Abilities, Weirdness & Mutations

You are tiny and cannot use many weapons and most armour.
You have supernaturally acute eyesight.
You are a herbivore.
You cover ground extremely quickly.
You need consume almost no food.


Message History

The water elemental engulfs you in water!
With effort, you pull free of the water engulfing you.
You gasp with relief as air once again reaches your lungs.
You hit the water elemental but do no damage.
The water elemental is severely damaged.
The water elemental completely misses you.
You hit the water elemental.
The water elemental is almost destroyed.
The water elemental closely misses you.
You hit the water elemental but do no damage.
The water elemental is almost destroyed.
The water elemental hits you.
The water elemental engulfs you in water!
With effort, you pull free of the water engulfing you.
You gasp with relief as air once again reaches your lungs.
You barely miss the water elemental.
The water elemental is almost destroyed.
The water elemental hits you!
Ouch! That really hurt!
You die...

▓.....#....≈.♣♣♣♣.###
▓†...†#...≈≈♣♣.♣♣.#..
▓.....#..≈≈≈≈.♣♣..'.⌠
▓####'#..≈≈≈≈≈≈...#..
▓[....#.†≈≈≈≈≈....#.⌠
▓.)...#.≈≈≈≈≈.....#..
▓.....#.≈≈≈.......#+#
▓'#####...........#
▓...@E............#
▓▓▓▓▓▓▓▓▓▓▓▓▓▓▓▓▓▓▓


You could see a water elemental.

Vanquished Creatures
  A scorpion (D)
  Jessica (D)
  A human (D)
  2 rats (D)
5 creatures vanquished.

Vanquished Creatures (others)
  2 draconian scorchers (D)
  2 yaktaurs (D)
4 creatures vanquished.

Grand Total: 9 creatures vanquished

Notes
Turn   | Place    | Note
--------------------------------------------------------------
     0 | D        | Kidiri the Spriggan Enchanter began the quest for the Orb.
     0 | D        | Reached XP level 1. HP: 9/9 MP: 5/5
    13 | D        | Noticed Jessica
    20 | D        | Killed Jessica
    20 | D        | Reached skill level 1 in Fighting
    20 | D        | Reached skill level 5 in Stealth
    20 | D        | Reached XP level 2. HP: 4/14 MP: 5/8
    49 | D        | Learned a level 2 spell: Ensorcelled Hibernation
   176 | D        | Killed a white draconian scorcher
   190 | D        | Killed a yaktaur
   216 | D        | Killed a yaktaur
   288 | D        | Reached skill level 1 in Armour
   288 | D        | Reached skill level 6 in Stealth
   288 | D        | Reached XP level 3. HP: 10/18 MP: 6/9
   293 | D        | Learned a level 3 spell: Confuse
   297 | D        | Learned a level 3 spell: Dazzling Spray
   316 | D        | Killed a white draconian scorcher
   416 | D        | Noticed a scorpion
   429 | D        | Killed a scorpion
   429 | D        | Reached skill level 5 in Dodging
   429 | D        | Reached skill level 7 in Stealth
   429 | D        | Reached skill level 5 in Spellcasting
   429 | D        | Reached skill level 1 in Ice Magic
   429 | D        | Reached XP level 4. HP: 5/23 MP: 3/12
   435 | D        | Learned a level 3 spell: Tukima's Dance
   453 | D        | Gained mutation: You are resistant to hostile enchantments. [potion of mutation]
   453 | D        | Gained mutation: Your magical capacity is low (-10% MP). [potion of mutation]
   454 | D        | Gained mutation: Your body sometimes deteriorates upon taking damage. [potion of mutation]
   454 | D        | Gained mutation: Your muscles are strong. (Str +2) [potion of mutation]
   454 | D        | Gained mutation: You can spit weak poison. [potion of mutation]
   485 | D        | Lost mutation: You can spit weak poison. [potion of cure mutation]
   485 | D        | Lost mutation: Your magical capacity is low (-10% MP). [potion of cure mutation]
   485 | D        | Lost mutation: Your body sometimes deteriorates upon taking damage. [potion of cure mutation]
   485 | D        | Lost mutation: Your muscles are strong. (Str +2) [potion of cure mutation]
   485 | D        | Lost mutation: You are resistant to hostile enchantments. [potion of cure mutation]
   612 | D        | Noticed a water elemental
   646 | D        | Slain by a water elemental

Action                   |  1- 3 |  4- 6 || total
-------------------------+-------+-------++-------
Melee: Dagger            |    17 |    13 ||    30
 Cast: Corona            |     4 |       ||     4
       Ensorcelled Hiber |     2 |       ||     2
       Dazzling Spray    |       |     4 ||     4
  Use: Potion            |       |     4 ||     4
 Stab: Sleeping          |     4 |       ||     4
